 Dungeon Crawl Stone Soup version 0.27.0-1-g7a089689b8 (webtiles) character file.

Game seed: 16782492688354621795

36 Crownlay the Chopper (level 3, 0/31 HPs)
             Began as a Hill Orc Fighter on Aug 16, 2021.
             Succumbed to an adder's poison
             ... on level 2 of the Dungeon.
             The game lasted 00:02:04 (735 turns).

Crownlay the Chopper (Hill Orc Fighter)              Turns: 735, Time: 00:02:04

Health: 0/31       AC:  6    Str: 19    XL:     3   Next: 37%
Magic:  2/2        EV:  9    Int:  8    God:
Gold:   40         SH:  0    Dex: 12    Spells: 2/2 levels left

rFire    . . .     SeeInvis .   a - +0 war axe
rCold    . . .     Faith    .   (no shield)
rNeg     . . .     Spirit   .   b - +0 scale mail
rPois    .         Reflect  .   (no helmet)
rElec    .         Harm     .   (no cloak)
rCorr    .         Rampage  .   (no gloves)
Will     .....                  (no boots)
Stlth    ..........             (no amulet)
HPRegen  0.10/turn              (no ring)
MPRegen  0.08/turn              (no ring)

@: mighty, lethally poisoned (0 -> -3)
A: agile 1, low mp 2, sense surroundings 1
a: no special abilities


You were on level 2 of the Dungeon.
You visited 1 branch of the dungeon, and saw 2 of its levels.

You collected 40 gold pieces.

Inventory:

Hand Weapons
 a - a +0 war axe (weapon)
Missiles
 g - 3 curare-tipped darts (quivered)
Armour
 b - a +0 scale mail (worn)
 c - a +0 kite shield
Scrolls
 e - a scroll of identify {unknown}
Potions
 h - a potion of flight {unknown}


   Skills:
 - Level 3.6 Fighting
 * Level 5.0 Axes
 - Level 3.2 Armour
 - Level 3.2 Shields


You had 2 spell levels left.
You didn't know any spells.
Your spell library was empty.

Dungeon Overview and Level Annotations

Branches:
Dungeon (1/15)

Altars:

Shops:
D:1 =


Innate Abilities, Weirdness & Mutations

You are agile. (Dex +2)
Your magical capacity is very low. (-20% MP)
You passively map a small area around you.


Message History

Found 5 gold pieces.
A kobold comes into view.
It is wielding a +0 short sword of protection.
The kobold shouts!
You hear an angry hiss.
An adder comes into view.
You miss the adder. You closely miss the kobold.
The adder bites you but does no damage.
The kobold hits you with a +0 short sword of protection.
You miss the adder. You closely miss the kobold.
The adder bites you but does no damage. The kobold closely misses you.
The adder closely misses you.
You closely miss the adder. You hit the kobold but do no damage.
The kobold hits you with a +0 short sword of protection.
The adder bites you but does no damage. The kobold hits you but does no damage.
The adder bites you but does no damage.
You barely miss the adder. You hit the kobold. The adder bites you.
The kobold hits you with a +0 short sword of protection.
You are too injured to fight recklessly!
You are too injured to fight recklessly!
You are too injured to fight recklessly!
The adder completely misses you. The adder closely misses you.
You miss the adder. The adder bites you.
You are poisoned.
The adder poisons you!
You barely miss the adder.
You feel sick. The adder bites you.
* * * LOW HITPOINT WARNING * * *
The adder bites you but does no damage.
You hit the adder.
The adder is moderately wounded.
* * * LOW HITPOINT WARNING * * *
You feel sick. The adder barely misses you.
The adder bites you but does no damage.
You feel very mighty all of a sudden.
* * * LOW HITPOINT WARNING * * *
You feel sick. The adder bites you.
* * * LOW HITPOINT WARNING * * *
It was a potion of mutation.
You feel extremely strange.
You feel less energetic. x2; You feel agile.
You feel a strange attunement to the structure of the dungeons.
You die...

#.......# ,
#.......# #.......#
#...# .# * *
#...##.# #....#.#
#..†K#.# ####S#.#
#@..# ##..# #..# #
#..#
#################..#
..................>#
.###################
.#...........<
.#..#.#######*


You could see an adder and a kobold.

Vanquished Creatures
  An adder (D:2)
  2 bats
  3 endoplasms
  A giant cockroach (D:1)
  3 goblins
  2 hobgoblins
  3 jackals (D:1)
  A quokka (D:1)
  2 ball pythons
  A ball python zombie (D:1)
  A frilled lizard (D:2)
  A jackal zombie (D:1)
  3 kobolds
  A rat (D:1)
25 creatures vanquished.

Notes
Turn   | Place    | Note
-------+----------+-------------------------------------------
     0 | D:1      | Crownlay the Hill Orc Fighter began the quest for the Orb.
     0 | D:1      | Reached XP level 1. HP: 19/19 MP: 1/1
    47 | D:1      | Reached skill level 3 in Axes
    56 | D:1      | Found Pioclagegu's Jewellery Shoppe.
    64 | D:1      | Reached XP level 2. HP: 26/26 MP: 2/2
    90 | D:1      | Reached skill level 4 in Axes
   402 | D:1      | You fall into a shaft and drop 1 floor!
   417 | D:2      | Reached XP level 3. HP: 31/31 MP: 3/3
   647 | D:2      | Reached skill level 5 in Axes
   734 | D:2      | HP: 1/31 [adder (3)]
   735 | D:2      | Gained mutation: Your magical capacity is low. (-10% MP)
                  | [potion of mutation]
   735 | D:2      | Gained mutation: Your magical capacity is very low. (-20%
                  | MP) [potion of mutation]
   735 | D:2      | Gained mutation: You are agile. (Dex +2) [potion of
                  | mutation]
   735 | D:2      | Gained mutation: You passively map a small area around you.
                  | [potion of mutation]
   735 | D:2      | Succumbed to an adder's poison

Illustrated notes

Levels and vault maps discovered:
D:1:      saegor_arrival_fortress, layout_rooms, serial_shops,
          nicolae_shop_crystal, serial_glass, glass_columns_c, glass_columns_a,
          minmay_tetromino_t2
D:2:      layout_basic

Skill      XL: |  1  2  3 |
---------------+----------+-----
Axes           | 3 4 5 |  5.0
Fighting       | |  3.6
Armour         | |  3.2
Shields        | |  3.2

Action                   || total
-------------------------++-------
Melee: War axe           ||    60
  Use: Potion            ||     2
Armor: Scale mail        ||    42
Dodge: Dodged            ||    36
